WCHLSIM.com - West Coast Hockey League
html PUBLIC "-//W3C//DTD XHTML 1.0 Transitional//EN" "http://www.w3.org/TR/xhtml1/DTD/xhtml1-transitional.dtd"> WCHL - Game 467 - CALGARY FIREMEN vs SAN DIEGO THUNDER

CALGARY FIREMEN vs SAN DIEGO THUNDER

Created - 18 janvier 2021 at 21:04

Goals
1 2 3 T
CALGARY FIREMEN 1 0 1 2
SAN DIEGO THUNDER 3 1 2 6
Shots
1 2 3 T
CALGARY FIREMEN 9 5 6 20
SAN DIEGO THUNDER 10 14 14 38

1st period

1. CALGARY FIREMEN , Oskar Lindblom 9 (Brendan Gallagher 22, Andy Greene 9) at 1:04
2. SAN DIEGO THUNDER , Charles McAvoy 6 (Logan Couture 18, Ilya Mikheyev 10) at 4:30
3. SAN DIEGO THUNDER , Nikita Kucherov 16 (Evander Kane 18, Mark Scheifele 31) at 4:36
4. SAN DIEGO THUNDER , Mark Scheifele 15 (Nikita Kucherov 25, Mark Borowiecki 7) at 5:10

Penalties :
Marcus Foligno (SDG) for Roughing (Minor) at 15:58

2nd period

5. SAN DIEGO THUNDER , Logan Couture 10 (Ilya Mikheyev 11, Connor Murphy 7) at 10:32

Penalties :
Evander Kane (SDG) for Tripping (Minor) at 7:20, Andy Greene (CGY) for Interference (Minor) at 19:42

3rd period

6. SAN DIEGO THUNDER , Jean-Gabriel Pageau 11 (Marcus Foligno 8, Ryan Hartman 10) at 11:16
7. CALGARY FIREMEN , Adam Henrique 20 (Filip Forsberg 32) at 13:22
8. SAN DIEGO THUNDER , Mark Scheifele 16 (Charles McAvoy 15, Nikita Kucherov 26) at 19:45 (PP)

Penalties :
Mark Scheifele (SDG) for Hooking (Minor) at 3:14, Joakim Nygard (CGY) for Slashing (Minor) at 18:21

Goalie Stats

Jonathan Bernier (CGY), 32 saves from 38 shots - (0,842), L, 7-7-1, 60:00 minutes
Connor Hellebuyck (SDG), 18 saves from 20 shots - (0,900), W, 19-7-1, 60:00 minutes

Players Stats for CALGARY FIREMEN

Player Name              G  A  P  +/- PIM S  H  SB GA TA FO     MP     PP MP  PK MP  
------------------------------------------------------------------------------------
Adam Henrique            1  0  1  -2  0   1  0  1  0  0  12/22  22:57   2:41   0:00 
Andy Greene              0  1  1   1  2   1  0  1  0  0  0/0    16:27   0:10   0:00 
Anthony Peluso           0  0  0  -2  0   0  0  0  0  0  0/2     6:55   0:00   1:57 
Brendan Gallagher        0  1  1   0  0   4  0  0  0  0  0/1    21:03   3:16   0:35 
Brent Seabrook           0  0  0  -2  0   1  2  0  0  0  0/0    23:31   3:14   1:19 
Brett Howden             0  0  0  -2  0   0  0  0  0  0  3/11    6:24   0:00   1:26 
Darren Raddysh           0  0  0  -1  0   0  0  0  0  0  0/0     0:39   0:00   0:00 
Filip Forsberg           0  1  1   0  0   3  1  0  0  0  0/1    18:15   2:41   0:16 
Frans Nielsen            0  0  0  -1  0   3  0  1  0  0  8/15   15:09   0:00   1:57 
Jake McCabe              0  0  0  -1  0   1  0  1  0  0  0/0    22:01   2:33   0:00 
Joakim Nygard            0  0  0  -1  2   1  0  0  0  0  0/0    13:46   0:00   0:35 
Jonathon Merrill         0  0  0  -1  0   1  0  5  0  0  0/0    18:59   2:29   1:19 
Markus Nutivaara         0  0  0  -1  0   0  1  2  0  0  0/0    17:51   0:14   2:04 
Oskar Lindblom           1  0  1   0  0   3  0  0  0  0  0/1    20:28   3:16   0:00 
Ryan Johansen            0  0  0   0  0   0  1  0  0  0  10/20  20:28   3:16   0:00 
Sami Vatanen             0  0  0  -1  0   0  0  0  0  0  0/0    20:31   3:14   2:04 
Sonny Milano             0  0  0  -1  0   0  0  0  0  0  1/1    13:12   0:00   0:00 
Viktor Arvidsson         0  0  0   0  0   1  1  0  0  0  0/0    17:59   2:41   0:00 

Players Stats for SAN DIEGO THUNDER

Player Name              G  A  P  +/- PIM S  H  SB GA TA FO     MP     PP MP  PK MP  
------------------------------------------------------------------------------------
Charles McAvoy           1  1  2   2  0   1  3  3  0  0  0/0    24:46   1:45   3:39 
Connor Murphy            0  1  1   2  0   1  2  1  0  0  0/0    24:38   1:45   3:31 
David Perron             0  0  0   1  0   4  0  0  0  0  2/3    18:05   1:28   0:50 
Drake Batherson          0  0  0   0  0   0  0  0  0  0  0/1     6:47   0:00   2:09 
Evander Kane             0  1  1   1  2   3  4  0  0  0  0/0    19:43   1:55   0:00 
Haydn Fleury             0  0  0   0  0   0  0  0  0  0  0/0     0:03   0:00   0:03 
Ilya Mikheyev            0  2  2   1  0   1  0  0  0  0  0/0    17:42   1:55   0:00 
Jean-Gabriel Pageau      1  0  1   1  0   9  2  0  0  0  17/27  18:09   1:55   3:48 
Logan Couture            1  1  2   1  0   4  2  1  0  0  6/15   15:47   0:00   0:00 
Marcus Foligno           0  1  1   1  2   1  4  0  0  0  0/1    18:39   0:00   1:36 
Mark Borowiecki          0  1  1   2  0   3  0  1  0  0  0/0    18:40   0:00   1:57 
Mark Scheifele           2  1  3   1  2   2  1  0  0  0  11/18  19:16   1:28   0:00 
Michael Matheson         0  0  0  -1  0   0  1  0  0  0  0/0    16:13   1:38   0:00 
Nikita Kucherov          1  2  3   1  0   6  0  0  0  0  0/2    19:17   1:28   0:00 
Rasmus Dahlin            0  0  0  -1  0   0  0  1  0  0  0/0    16:42   1:38   0:29 
Robert Fabbri            0  0  0   0  0   0  0  0  0  0  2/5     4:38   0:00   0:00 
Ryan Hartman             0  1  1   1  0   3  1  0  0  0  2/2    15:57   0:00   3:31 
Vladislav Gavrikov       0  0  0   2  0   0  0  0  0  0  0/0    18:58   0:00   2:15 

3 Stars

1 - Charles McAvoy (SDG)
2 - Mark Scheifele (SDG)
3 - Nikita Kucherov (SDG)

Power Play

CALGARY FIREMEN - 0 on 3 Attempt(s) - 0,00%
SAN DIEGO THUNDER - 1 on 2 Attempt(s) - 50,00%

Penalty Kill

CALGARY FIREMEN - 1 on 2 Attempt(s) - 50,00% - Score 0 goal in Penalty Kill
SAN DIEGO THUNDER - 3 on 3 Attempt(s) - 100,00% - Score 0 goal in Penalty Kill

Team Stat

CALGARY FIREMEN - Hits : 6 - Faceoff Wins : 34 - Blocked Shots : 11 - Penalty Minutes : 4
SAN DIEGO THUNDER - Hits : 20 - Faceoff Wins : 40 - Blocked Shots : 7 - Penalty Minutes : 6

Official

Referees : Chris Schlenker and Sean MacFarlane
Linesman : Kyle Flemington and Andrew Smith

Game Notes

No Game Note

Finance

Level 1 -- Attendance: 4586 (73,14%) -- Ticket Income 825 480 $
Level 2 -- Attendance: 3811 (71,64%) -- Ticket Income 476 375 $
Level 3 -- Attendance: 1898 (90,81%) -- Ticket Income 170 820 $
Level 4 -- Attendance: 3503 (81,09%) -- Ticket Income 210 180 $
Luxury Box -- Attendance: 798 (79,80%) -- Ticket Income 239 400 $
Total Attendance: 14596 (76,82%)
Total Ticket Income: 1 922 255 $
Other Expense: 19 223 $
Total Income: 1 903 032 $

CALGARY FIREMEN

5 vs 5 Forward 
   Center                   Left Wing                Right Wing               Time % Phy DF OF 
 1 Adam Henrique            Viktor Arvidsson         Filip Forsberg           32     0   1  4  
 2 Ryan Johansen            Oskar Lindblom           Brendan Gallagher        30     0   1  4  
 3 Frans Nielsen            Joakim Nygard            Sonny Milano             25     0   3  2  
 4 Brett Howden             Adam Henrique            Anthony Peluso           13     0   4  1  

5 vs 5 Defense 
   Defense                  Defense                                           Time % Phy DF OF 
 1 Brent Seabrook           Sami Vatanen                                      32     0   2  3  
 2 Andy Greene              Jake McCabe                                       30     0   3  2  
 3 Markus Nutivaara         Jonathon Merrill                                  25     0   4  1  
 4 Jake McCabe              Brent Seabrook                                    13     0   4  1  

PowerPlay Forward 
   Center                   Left Wing                Right Wing               Time % Phy DF OF 
 1 Adam Henrique            Viktor Arvidsson         Filip Forsberg           50     1   0  4  
 2 Ryan Johansen            Oskar Lindblom           Brendan Gallagher        50     1   0  4  

PowerPlay Defense
   Defense                  Defense                                           Time % Phy DF OF 
 1 Brent Seabrook           Sami Vatanen                                      50     0   1  4  
 2 Jonathon Merrill         Jake McCabe                                       50     0   1  4  

Penalty Kill 4 Players Forward 
   Center                   Wing                     Time % Phy DF OF 
 1 Frans Nielsen            Anthony Peluso           50     0   5  0  
 2 Brett Howden             Joakim Nygard            50     0   5  0  

Penalty Kill 4 Players Defense
   Defense                  Defense                  Time % Phy DF OF 
 1 Sami Vatanen             Markus Nutivaara         50     0   5  0  
 2 Brent Seabrook           Jonathon Merrill         50     0   5  0  

Penalty Kill - 3 Players Forward 
   Forward                                           Time % Phy DF OF 
 1 Filip Forsberg                                    50     0   5  0  
 2 Adam Henrique                                     50     0   5  0  

Penalty Kill - 3 Players Defense
   Defense                  Defense                  Time % Phy DF OF 
 1 Markus Nutivaara         Sami Vatanen             50     0   5  0  
 2 Brent Seabrook           Jonathon Merrill         50     0   5  0  

4 vs 4 Forward 
   Center                   Wing                     Time % Phy DF OF 
 1 Ryan Johansen            Filip Forsberg           50     0   1  4  
 2 Adam Henrique            Brendan Gallagher        50     0   1  4  

4 vs 4 Defense
   Defense                  Defense                  Time % Phy DF OF 
 1 Sami Vatanen             Markus Nutivaara         50     0   2  3  
 2 Brent Seabrook           Jonathon Merrill         50     0   2  3  

Last Minutes Offensive
   Center                   Left Wing                Right Wing               Defense                  Defense                  
   Adam Henrique            Filip Forsberg           Brendan Gallagher        Brent Seabrook           Sami Vatanen             

Last Minutes Defensive
   Center                   Left Wing                Right Wing               Defense                  Defense                  
   Adam Henrique            Filip Forsberg           Brendan Gallagher        Sami Vatanen             Brent Seabrook           

Goaltenders
Starting : Jonathan Bernier         
Backup : Antti Raanta             

Extra Forwards
Normal : Viktor Arvidsson, Filip Forsberg, Brendan Gallagher - PP : Viktor Arvidsson, Adam Henrique - PK : Brendan Gallagher
Extra Defensemen
Normal : Jonathon Merrill, Markus Nutivaara, Brent Seabrook - PP : Markus Nutivaara - PK : Sami Vatanen, Brent Seabrook
Penalty Shots
Viktor Arvidsson, Filip Forsberg, Adam Henrique, Brendan Gallagher, Ryan Johansen
Custom OT Lines Forwards
Viktor Arvidsson, Filip Forsberg, Adam Henrique, Brendan Gallagher, Ryan Johansen, Oskar Lindblom, Joakim Nygard, Frans Nielsen, Sonny Milano, Brett Howden
Custom OT Lines Defensemen
Jonathon Merrill, Sami Vatanen, Markus Nutivaara, Jake McCabe, Brent Seabrook

Scratches
Alex Broadhurst (Healthy), Yakov Trenin (Upper Body Injury)

SAN DIEGO THUNDER

5 vs 5 Forward 
   Center                   Left Wing                Right Wing               Time % Phy DF OF 
 1 Mark Scheifele           Evander Kane             Nikita Kucherov          36     0   2  3  
 2 Logan Couture            David Perron             Ilya Mikheyev            32     0   2  3  
 3 Jean-Gabriel Pageau      Marcus Foligno           Ryan Hartman             26     0   3  2  
 4 Robert Fabbri            Marcus Foligno           Drake Batherson          6      0   4  1  

5 vs 5 Defense 
   Defense                  Defense                                           Time % Phy DF OF 
 1 Charles McAvoy           Connor Murphy                                     36     0   4  1  
 2 Vladislav Gavrikov       Mark Borowiecki                                   31     0   4  1  
 3 Rasmus Dahlin            Michael Matheson                                  18     0   4  1  
 4 Connor Murphy            Charles McAvoy                                    15     0   2  3  

PowerPlay Forward 
   Center                   Left Wing                Right Wing               Time % Phy DF OF 
 1 Mark Scheifele           David Perron             Nikita Kucherov          55     0   1  4  
 2 Jean-Gabriel Pageau      Evander Kane             Ilya Mikheyev            45     0   1  4  

PowerPlay Defense
   Defense                  Defense                                           Time % Phy DF OF 
 1 Charles McAvoy           Connor Murphy                                     55     0   1  4  
 2 Rasmus Dahlin            Michael Matheson                                  45     0   1  4  

Penalty Kill 4 Players Forward 
   Center                   Wing                     Time % Phy DF OF 
 1 Jean-Gabriel Pageau      Ryan Hartman             55     0   4  1  
 2 Drake Batherson          Marcus Foligno           45     0   4  1  

Penalty Kill 4 Players Defense
   Defense                  Defense                  Time % Phy DF OF 
 1 Charles McAvoy           Connor Murphy            55     0   4  1  
 2 Vladislav Gavrikov       Mark Borowiecki          45     0   4  1  

Penalty Kill - 3 Players Forward 
   Forward                                           Time % Phy DF OF 
 1 Ryan Hartman                                      55     0   4  1  
 2 Jean-Gabriel Pageau                               45     0   4  1  

Penalty Kill - 3 Players Defense
   Defense                  Defense                  Time % Phy DF OF 
 1 Charles McAvoy           Connor Murphy            55     0   4  1  
 2 Michael Matheson         Mark Borowiecki          45     0   4  1  

4 vs 4 Forward 
   Center                   Wing                     Time % Phy DF OF 
 1 Mark Scheifele           Ryan Hartman             55     0   2  3  
 2 Jean-Gabriel Pageau      David Perron             45     0   2  3  

4 vs 4 Defense
   Defense                  Defense                  Time % Phy DF OF 
 1 Charles McAvoy           Connor Murphy            55     1   2  2  
 2 Rasmus Dahlin            Mark Borowiecki          45     1   2  2  

Last Minutes Offensive
   Center                   Left Wing                Right Wing               Defense                  Defense                  
   Mark Scheifele           David Perron             Nikita Kucherov          Charles McAvoy           Rasmus Dahlin            

Last Minutes Defensive
   Center                   Left Wing                Right Wing               Defense                  Defense                  
   Mark Scheifele           Evander Kane             Ryan Hartman             Charles McAvoy           Connor Murphy            

Goaltenders
Starting : Connor Hellebuyck        
Backup : Louis Domingue           

Extra Forwards
Normal : Mark Scheifele, David Perron, Evander Kane - PP : Mark Scheifele, Marcus Foligno - PK : Ryan Hartman
Extra Defensemen
Normal : Connor Murphy, Charles McAvoy, Rasmus Dahlin - PP : Charles McAvoy - PK : Connor Murphy, Charles McAvoy
Penalty Shots
Mark Scheifele, David Perron, Evander Kane, Jean-Gabriel Pageau, Ilya Mikheyev
Custom OT Lines Forwards
Mark Scheifele, David Perron, Nikita Kucherov, Evander Kane, Jean-Gabriel Pageau, Ilya Mikheyev, Robert Fabbri, Drake Batherson, Marcus Foligno, Ryan Hartman
Custom OT Lines Defensemen
Charles McAvoy, Connor Murphy, Rasmus Dahlin, Mark Borowiecki, Vladislav Gavrikov

Scratches
Laurent Brossoit (Fractured Metatarsal (Right Foot) Injury)

% Time on Ice - CALGARY FIREMEN

Lines # - Real PCT - Wanted PCT - Time Play
Normal Forward
1 - 30% - 32% - 15:18
2 - 34% - 30% - 17:12
3 - 26% - 25% - 13:12
4 - 10% - 13% - 4:58
Normal Defense
1 - 30% - 32% - 15:13
2 - 33% - 30% - 16:50
3 - 29% - 25% - 14:52
4 - 7% - 13% - 3:45
PP Forward
1 - 45% - 50% - 2:41
2 - 55% - 50% - 3:16
PP Defense
1 - 54% - 50% - 3:14
2 - 46% - 50% - 2:43
PK Forward
1 - 58% - 50% - 1:57
2 - 42% - 50% - 1:26
PK Defense
1 - 61% - 50% - 2:04
2 - 39% - 50% - 1:19
PK3 Forward
1 - 0% - 50%
2 - 0% - 50%
PK3 Defense
1 - 0% - 50%
2 - 0% - 50%
44 Forward
1 - 0% - 50%
2 - 0% - 50%
44 Defense
1 - 0% - 50%
2 - 0% - 50%
Last Minute Offensive  - 0:00
Last Minute Defensive  - 0:00
Total
Forward - 60:00
Defense - 60:00

% Time on Ice - SAN DIEGO THUNDER

Lines # - Real PCT - Wanted PCT - Time Play
Normal Forward
1 - 35% - 36% - 17:49
2 - 31% - 32% - 15:47
3 - 25% - 26% - 12:26
4 - 9% - 6% - 4:38
Normal Defense
1 - 31% - 36% - 15:49
2 - 33% - 31% - 16:43
3 - 29% - 18% - 14:35
4 - 7% - 15% - 3:33
PP Forward
1 - 43% - 55% - 1:28
2 - 57% - 45% - 1:55
PP Defense
1 - 52% - 55% - 1:45
2 - 48% - 45% - 1:38
PK Forward
1 - 64% - 55% - 3:48
2 - 36% - 45% - 2:09
PK Defense
1 - 62% - 55% - 3:42
2 - 38% - 45% - 2:15
PK3 Forward
1 - 0% - 55%
2 - 0% - 45%
PK3 Defense
1 - 0% - 55%
2 - 0% - 45%
44 Forward
1 - 0% - 55%
2 - 0% - 45%
44 Defense
1 - 0% - 55%
2 - 0% - 45%
Last Minute Offensive  - 0:00
Last Minute Defensive  - 0:00
Total
Forward - 60:00
Defense - 60:00

Play-by-Play

1st period


0:01 of 1st period - Mark Scheifele wins face-off versus Adam Henrique in neutral zone.
0:06 of 1st period - Adam Henrique is hit by Evander Kane.
0:25 of 1st period - Sami Vatanen is hit by Mark Scheifele and loses puck.
1:02 of 1st period - Shot by Oskar Lindblom.
1:02 of 1st period - Shot Blocked by Charles McAvoy.
1:04 of 1st period - Shot by Oskar Lindblom.
1:04 of 1st period - Goal by Oskar Lindblom - CALGARY FIREMEN : 1 - SAN DIEGO THUNDER : 0.
1:05 of 1st period - Frans Nielsen wins face-off versus Logan Couture in neutral zone.
1:17 of 1st period - Shot by Logan Couture.
1:17 of 1st period - Stopped by Jonathan Bernier with a rebound.
1:19 of 1st period - Shot by Logan Couture.
1:19 of 1st period - Shot Misses the Net.
1:21 of 1st period - Shot by Logan Couture.
1:21 of 1st period - Stopped by Jonathan Bernier without a rebound.
1:22 of 1st period - Ryan Johansen wins face-off versus Jean-Gabriel Pageau in CALGARY FIREMEN zone.
1:40 of 1st period - Shot by Oskar Lindblom.
1:40 of 1st period - Stopped by Connor Hellebuyck with a rebound.
1:42 of 1st period - Shot by Jake McCabe.
1:42 of 1st period - Stopped by Connor Hellebuyck without a rebound.
1:43 of 1st period - Logan Couture wins face-off versus Brett Howden in SAN DIEGO THUNDER zone.
1:50 of 1st period - Shot by Ilya Mikheyev.
1:50 of 1st period - Shot Blocked by Jonathon Merrill.
2:02 of 1st period - Shot by Logan Couture.
2:02 of 1st period - Stopped by Jonathan Bernier without a rebound.
2:03 of 1st period - Jean-Gabriel Pageau wins face-off versus Frans Nielsen in CALGARY FIREMEN zone.
2:04 of 1st period - Shot by Marcus Foligno.
2:04 of 1st period - Shot Misses the Net.
2:24 of 1st period - Shot by Jean-Gabriel Pageau.
2:24 of 1st period - Stopped by Jonathan Bernier without a rebound.
2:25 of 1st period - Ryan Johansen wins face-off versus Logan Couture in CALGARY FIREMEN zone.
2:38 of 1st period - Shot by Oskar Lindblom.
2:38 of 1st period - Stopped by Connor Hellebuyck without a rebound.
2:39 of 1st period - Robert Fabbri wins face-off versus Adam Henrique in SAN DIEGO THUNDER zone.
2:39 of 1st period - Robert Fabbri is hit by Filip Forsberg.
3:42 of 1st period - Off-side.
3:43 of 1st period - Logan Couture wins face-off versus Ryan Johansen in neutral zone.
4:22 of 1st period - Shot by David Perron.
4:22 of 1st period - Shot Blocked by Jonathon Merrill.
4:24 of 1st period - Shot by Charles McAvoy.
4:24 of 1st period - Shot Misses the Net.
4:28 of 1st period - Shot by Ilya Mikheyev.
4:28 of 1st period - Deflect By Logan Couture.
4:28 of 1st period - Shot Misses the Net.
4:30 of 1st period - Shot by Charles McAvoy.
4:30 of 1st period - Goal by Charles McAvoy - CALGARY FIREMEN : 1 - SAN DIEGO THUNDER : 1.
4:31 of 1st period - Mark Scheifele wins face-off versus Brett Howden in neutral zone.
4:36 of 1st period - Shot by Nikita Kucherov.
4:36 of 1st period - Goal by Nikita Kucherov - CALGARY FIREMEN : 1 - SAN DIEGO THUNDER : 2.
4:37 of 1st period - Mark Scheifele wins face-off versus Frans Nielsen in neutral zone.
4:47 of 1st period - Mark Scheifele is hit by Brent Seabrook and loses puck.
5:10 of 1st period - Shot by Mark Scheifele.
5:10 of 1st period - Goal by Mark Scheifele - CALGARY FIREMEN : 1 - SAN DIEGO THUNDER : 3.
5:11 of 1st period - Brett Howden wins face-off versus Jean-Gabriel Pageau in neutral zone.
5:16 of 1st period - Shot by Adam Henrique.
5:16 of 1st period - Shot Misses the Net.
5:50 of 1st period - Adam Henrique is hit by Charles McAvoy and loses puck.
5:57 of 1st period - Adam Henrique is hit by Jean-Gabriel Pageau and loses puck.
6:07 of 1st period - Brett Howden is hit by Ryan Hartman and loses puck.
6:44 of 1st period - Shot by Brendan Gallagher.
6:44 of 1st period - Shot Blocked by Mark Borowiecki.
6:46 of 1st period - Shot by Brent Seabrook.
6:46 of 1st period - Stopped by Connor Hellebuyck with a rebound.
7:46 of 1st period - Shot by Ilya Mikheyev.
7:46 of 1st period - Stopped by Jonathan Bernier without a rebound.
7:47 of 1st period - Adam Henrique wins face-off versus Logan Couture in CALGARY FIREMEN zone.
7:47 of 1st period - Adam Henrique is hit by Logan Couture.
7:59 of 1st period - Shot by Filip Forsberg.
7:59 of 1st period - Deflect By Adam Henrique.
7:59 of 1st period - Shot Misses the Net.
8:01 of 1st period - Shot by Adam Henrique.
8:01 of 1st period - Shot Misses the Net.
8:03 of 1st period - Shot by Filip Forsberg.
8:03 of 1st period - Shot Misses the Net.
8:05 of 1st period - Shot by Adam Henrique.
8:05 of 1st period - Shot Misses the Net.
8:07 of 1st period - Shot by Jonathon Merrill.
8:07 of 1st period - Stopped by Connor Hellebuyck without a rebound.
8:08 of 1st period - Frans Nielsen wins face-off versus Jean-Gabriel Pageau in SAN DIEGO THUNDER zone.
8:22 of 1st period - Icing by Michael Matheson.
8:23 of 1st period - Jean-Gabriel Pageau wins face-off versus Brendan Gallagher in SAN DIEGO THUNDER zone.
10:16 of 1st period - Icing by Jonathon Merrill.
10:17 of 1st period - Mark Scheifele wins face-off versus Adam Henrique in CALGARY FIREMEN zone.
11:00 of 1st period - Shot by Evander Kane.
11:00 of 1st period - Stopped by Jonathan Bernier with a rebound.
11:02 of 1st period - Shot by Nikita Kucherov.
11:02 of 1st period - Shot Misses the Net.
11:31 of 1st period - Brendan Gallagher is hit by Michael Matheson and loses puck.
11:35 of 1st period - Icing by Michael Matheson.
11:36 of 1st period - Jean-Gabriel Pageau wins face-off versus Frans Nielsen in SAN DIEGO THUNDER zone.
11:50 of 1st period - Icing by Sami Vatanen.
11:51 of 1st period - Frans Nielsen wins face-off versus Logan Couture in CALGARY FIREMEN zone.
11:51 of 1st period - Frans Nielsen is hit by Logan Couture.
12:14 of 1st period - Shot by Frans Nielsen.
12:14 of 1st period - Shot Misses the Net.
12:18 of 1st period - Shot by Frans Nielsen.
12:18 of 1st period - Stopped by Connor Hellebuyck without a rebound.
12:19 of 1st period - Adam Henrique wins face-off versus Nikita Kucherov in SAN DIEGO THUNDER zone.
12:38 of 1st period - Shot by Mark Scheifele.
12:38 of 1st period - Shot Blocked by Jonathon Merrill.
13:04 of 1st period - Shot by Evander Kane.
13:04 of 1st period - Stopped by Jonathan Bernier without a rebound.
13:05 of 1st period - Ryan Johansen wins face-off versus Logan Couture in CALGARY FIREMEN zone.
13:12 of 1st period - Shot by Brendan Gallagher.
13:12 of 1st period - Shot Hit the Post.
13:31 of 1st period - Off-side.
13:32 of 1st period - Sonny Milano wins face-off versus Jean-Gabriel Pageau in neutral zone.
13:38 of 1st period - Icing by Michael Matheson.
13:39 of 1st period - Ryan Hartman wins face-off versus Adam Henrique in SAN DIEGO THUNDER zone.
13:49 of 1st period - Icing by Viktor Arvidsson.
13:50 of 1st period - Mark Scheifele wins face-off versus Adam Henrique in CALGARY FIREMEN zone.
15:01 of 1st period - Shot by Frans Nielsen.
15:01 of 1st period - Stopped by Connor Hellebuyck without a rebound.
15:02 of 1st period - David Perron wins face-off versus Ryan Johansen in SAN DIEGO THUNDER zone.
15:43 of 1st period - Shot by Ilya Mikheyev.
15:43 of 1st period - Deflect By David Perron.
15:43 of 1st period - Shot Misses the Net.
15:58 of 1st period - Minor Penalty to Marcus Foligno for Roughing.
15:59 of 1st period - Adam Henrique wins face-off versus Jean-Gabriel Pageau in SAN DIEGO THUNDER zone.
16:42 of 1st period - Shot by Adam Henrique.
16:42 of 1st period - Shot Misses the Net.
17:09 of 1st period - Icing by Brendan Gallagher.
17:10 of 1st period - Jean-Gabriel Pageau wins face-off versus Ryan Johansen in CALGARY FIREMEN zone.
17:13 of 1st period - Shot by Jean-Gabriel Pageau.
17:13 of 1st period - Shot Misses the Net.
17:43 of 1st period - Shot by Adam Henrique.
17:43 of 1st period - Shot Misses the Net.
17:45 of 1st period - Shot by Adam Henrique.
17:45 of 1st period - Shot Blocked by Charles McAvoy.
17:47 of 1st period - Shot by Adam Henrique.
17:47 of 1st period - Deflect By Viktor Arvidsson.
17:47 of 1st period - Shot Blocked by Charles McAvoy.
17:49 of 1st period - Shot by Adam Henrique.
17:49 of 1st period - Shot Misses the Net.
17:51 of 1st period - Shot by Sami Vatanen.
17:51 of 1st period - Shot Blocked by Connor Murphy.
17:53 of 1st period - Shot by Filip Forsberg.
17:53 of 1st period - Stopped by Connor Hellebuyck without a rebound.
17:54 of 1st period - Adam Henrique wins face-off versus Drake Batherson in SAN DIEGO THUNDER zone.
17:55 of 1st period - Shot by Filip Forsberg.
17:55 of 1st period - Shot Misses the Net.
18:03 of 1st period - Shot by Nikita Kucherov.
18:03 of 1st period - Shot Misses the Net.
18:15 of 1st period - Icing by Joakim Nygard.
18:16 of 1st period - Logan Couture wins face-off versus Frans Nielsen in CALGARY FIREMEN zone.
Goals for this period are 1 for CALGARY FIREMEN vs 3 for SAN DIEGO THUNDER.
Shots for this period are 9 for CALGARY FIREMEN vs 10 for SAN DIEGO THUNDER.

2nd period


0:01 of 2nd period - Adam Henrique wins face-off versus Marcus Foligno in neutral zone.
0:04 of 2nd period - Shot by Filip Forsberg.
0:04 of 2nd period - Stopped by Connor Hellebuyck without a rebound.
0:05 of 2nd period - Ryan Hartman wins face-off versus Adam Henrique in SAN DIEGO THUNDER zone.
0:42 of 2nd period - Shot by Jean-Gabriel Pageau.
0:42 of 2nd period - Stopped by Jonathan Bernier with a rebound.
1:11 of 2nd period - Icing by Jonathon Merrill.
1:12 of 2nd period - Frans Nielsen wins face-off versus Mark Scheifele in CALGARY FIREMEN zone.
1:27 of 2nd period - Frans Nielsen is hit by Evander Kane and loses puck.
1:34 of 2nd period - Shot by Evander Kane.
1:34 of 2nd period - Stopped by Jonathan Bernier with a rebound.
1:36 of 2nd period - Shot by Nikita Kucherov.
1:36 of 2nd period - Stopped by Jonathan Bernier without a rebound.
1:37 of 2nd period - Ryan Johansen wins face-off versus Logan Couture in CALGARY FIREMEN zone.
1:52 of 2nd period - Shot by Ilya Mikheyev.
1:52 of 2nd period - Shot Misses the Net.
1:54 of 2nd period - Shot by Mark Borowiecki.
1:54 of 2nd period - Stopped by Jonathan Bernier without a rebound.
1:55 of 2nd period - Jean-Gabriel Pageau wins face-off versus Brett Howden in CALGARY FIREMEN zone.
2:00 of 2nd period - Shot by Jean-Gabriel Pageau.
2:00 of 2nd period - Stopped by Jonathan Bernier without a rebound.
2:01 of 2nd period - Jean-Gabriel Pageau wins face-off versus Anthony Peluso in CALGARY FIREMEN zone.
2:01 of 2nd period - Marcus Foligno is hit by Brent Seabrook and loses puck.
2:10 of 2nd period - Shot by Jean-Gabriel Pageau.
2:10 of 2nd period - Stopped by Jonathan Bernier without a rebound.
2:11 of 2nd period - Mark Scheifele wins face-off versus Adam Henrique in CALGARY FIREMEN zone.
2:18 of 2nd period - Shot by Nikita Kucherov.
2:18 of 2nd period - Shot Misses the Net.
2:49 of 2nd period - Icing by Sami Vatanen.
2:50 of 2nd period - Jean-Gabriel Pageau wins face-off versus Adam Henrique in CALGARY FIREMEN zone.
3:04 of 2nd period - Shot by Jean-Gabriel Pageau.
3:04 of 2nd period - Stopped by Jonathan Bernier with a rebound.
3:18 of 2nd period - Shot by Jean-Gabriel Pageau.
3:18 of 2nd period - Shot Misses the Net.
3:24 of 2nd period - Shot by Ryan Hartman.
3:24 of 2nd period - Stopped by Jonathan Bernier without a rebound.
3:25 of 2nd period - Ryan Johansen wins face-off versus Logan Couture in CALGARY FIREMEN zone.
3:32 of 2nd period - Shot by Brendan Gallagher.
3:32 of 2nd period - Stopped by Connor Hellebuyck with a rebound.
4:32 of 2nd period - Icing by Connor Murphy.
4:33 of 2nd period - Adam Henrique wins face-off versus David Perron in SAN DIEGO THUNDER zone.
4:57 of 2nd period - Icing by Adam Henrique.
4:58 of 2nd period - Jean-Gabriel Pageau wins face-off versus Brett Howden in CALGARY FIREMEN zone.
5:01 of 2nd period - Shot by Marcus Foligno.
5:01 of 2nd period - Shot Blocked by Jonathon Merrill.
5:29 of 2nd period - Shot by Jean-Gabriel Pageau.
5:29 of 2nd period - Stopped by Jonathan Bernier without a rebound.
5:30 of 2nd period - Ryan Johansen wins face-off versus Mark Scheifele in CALGARY FIREMEN zone.
5:59 of 2nd period - Shot by Oskar Lindblom.
5:59 of 2nd period - Shot Misses the Net.
6:01 of 2nd period - Shot by Andy Greene.
6:01 of 2nd period - Stopped by Connor Hellebuyck without a rebound.
6:02 of 2nd period - Frans Nielsen wins face-off versus Robert Fabbri in SAN DIEGO THUNDER zone.
6:13 of 2nd period - Icing by Mark Borowiecki.
6:14 of 2nd period - Adam Henrique wins face-off versus Robert Fabbri in SAN DIEGO THUNDER zone.
6:31 of 2nd period - Shot by Marcus Foligno.
6:31 of 2nd period - Shot Blocked by Adam Henrique.
6:33 of 2nd period - Shot by Marcus Foligno.
6:33 of 2nd period - Shot Misses the Net.
6:35 of 2nd period - Shot by Vladislav Gavrikov.
6:35 of 2nd period - Shot Misses the Net.
7:20 of 2nd period - Minor Penalty to Evander Kane for Tripping.
7:21 of 2nd period - Jean-Gabriel Pageau wins face-off versus Ryan Johansen in SAN DIEGO THUNDER zone.
8:10 of 2nd period - Connor Murphy is hit by Ryan Johansen and loses puck.
10:32 of 2nd period - Shot by Logan Couture.
10:32 of 2nd period - Goal by Logan Couture - CALGARY FIREMEN : 1 - SAN DIEGO THUNDER : 4.
10:33 of 2nd period - Logan Couture wins face-off versus Ryan Johansen in neutral zone.
11:10 of 2nd period - Shot by Logan Couture.
11:10 of 2nd period - Shot Misses the Net.
11:14 of 2nd period - Shot by David Perron.
11:14 of 2nd period - Stopped by Jonathan Bernier with a rebound.
11:16 of 2nd period - Shot by David Perron.
11:16 of 2nd period - Stopped by Jonathan Bernier with a rebound.
11:56 of 2nd period - Shot by Ryan Hartman.
11:56 of 2nd period - Deflect By Jean-Gabriel Pageau.
11:56 of 2nd period - Shot Blocked by Frans Nielsen.
12:38 of 2nd period - Shot by Evander Kane.
12:38 of 2nd period - Shot Misses the Net.
13:22 of 2nd period - Shot by Logan Couture.
13:22 of 2nd period - Deflect By David Perron.
13:22 of 2nd period - Stopped by Jonathan Bernier without a rebound.
13:23 of 2nd period - Adam Henrique wins face-off versus Robert Fabbri in CALGARY FIREMEN zone.
13:23 of 2nd period - Filip Forsberg is hit by Marcus Foligno.
13:46 of 2nd period - Shot by Viktor Arvidsson.
13:46 of 2nd period - Stopped by Connor Hellebuyck without a rebound.
13:47 of 2nd period - Ryan Johansen wins face-off versus Nikita Kucherov in SAN DIEGO THUNDER zone.
13:47 of 2nd period - Ryan Johansen is hit by Charles McAvoy.
13:58 of 2nd period - Brendan Gallagher is hit by Connor Murphy and loses puck.
14:13 of 2nd period - Icing by Andy Greene.
14:14 of 2nd period - Jean-Gabriel Pageau wins face-off versus Ryan Johansen in CALGARY FIREMEN zone.
14:47 of 2nd period - Icing by Jonathon Merrill.
14:48 of 2nd period - Logan Couture wins face-off versus Filip Forsberg in CALGARY FIREMEN zone.
15:38 of 2nd period - Icing by Rasmus Dahlin.
15:39 of 2nd period - Logan Couture wins face-off versus Oskar Lindblom in SAN DIEGO THUNDER zone.
15:50 of 2nd period - Shot by Brendan Gallagher.
15:50 of 2nd period - Stopped by Connor Hellebuyck without a rebound.
15:51 of 2nd period - Jean-Gabriel Pageau wins face-off versus Ryan Johansen in SAN DIEGO THUNDER zone.
16:08 of 2nd period - Shot by Jean-Gabriel Pageau.
16:08 of 2nd period - Shot Blocked by Jake McCabe.
16:10 of 2nd period - Shot by Jean-Gabriel Pageau.
16:10 of 2nd period - Deflect By Marcus Foligno.
16:10 of 2nd period - Stopped by Jonathan Bernier without a rebound.
16:11 of 2nd period - Frans Nielsen wins face-off versus Mark Scheifele in CALGARY FIREMEN zone.
16:25 of 2nd period - Icing by Mark Borowiecki.
16:26 of 2nd period - Mark Scheifele wins face-off versus Adam Henrique in SAN DIEGO THUNDER zone.
16:59 of 2nd period - Mark Borowiecki is hit by Viktor Arvidsson.
17:19 of 2nd period - Sami Vatanen is hit by Evander Kane and loses puck.
17:50 of 2nd period - Shot by Marcus Foligno.
17:50 of 2nd period - Shot Misses the Net.
19:42 of 2nd period - Minor Penalty to Andy Greene for Interference.
19:43 of 2nd period - Jean-Gabriel Pageau wins face-off versus Anthony Peluso in CALGARY FIREMEN zone.
Goals for this period are 0 for CALGARY FIREMEN vs 1 for SAN DIEGO THUNDER.
Shots for this period are 5 for CALGARY FIREMEN vs 14 for SAN DIEGO THUNDER.

3rd period


0:01 of 3rd period - David Perron wins face-off versus Brett Howden in neutral zone.
0:34 of 3rd period - Shot by Nikita Kucherov.
0:34 of 3rd period - Stopped by Jonathan Bernier without a rebound.
0:35 of 3rd period - Jean-Gabriel Pageau wins face-off versus Frans Nielsen in CALGARY FIREMEN zone.
0:36 of 3rd period - Shot by Evander Kane.
0:36 of 3rd period - Shot Misses the Net.
0:38 of 3rd period - Shot by Michael Matheson.
0:38 of 3rd period - Shot Blocked by Markus Nutivaara.
0:44 of 3rd period - Shot by Evander Kane.
0:44 of 3rd period - Shot Misses the Net.
0:46 of 3rd period - Shot by Evander Kane.
0:46 of 3rd period - Shot Misses the Net.
1:01 of 3rd period - Evander Kane is hit by Markus Nutivaara and loses puck.
2:10 of 3rd period - Shot by Brendan Gallagher.
2:10 of 3rd period - Stopped by Connor Hellebuyck with a rebound.
2:12 of 3rd period - Shot by Brendan Gallagher.
2:12 of 3rd period - Stopped by Connor Hellebuyck with a rebound.
2:41 of 3rd period - Adam Henrique is hit by Marcus Foligno.
2:49 of 3rd period - Shot by Filip Forsberg.
2:49 of 3rd period - Stopped by Connor Hellebuyck without a rebound.
2:50 of 3rd period - Adam Henrique wins face-off versus Mark Scheifele in SAN DIEGO THUNDER zone.
2:54 of 3rd period - Adam Henrique is hit by Charles McAvoy and loses puck.
3:14 of 3rd period - Minor Penalty to Mark Scheifele for Hooking.
3:15 of 3rd period - Ryan Johansen wins face-off versus Jean-Gabriel Pageau in SAN DIEGO THUNDER zone.
3:43 of 3rd period - Sami Vatanen is hit by Jean-Gabriel Pageau and loses puck.
4:50 of 3rd period - Icing by Brent Seabrook.
4:51 of 3rd period - Ryan Johansen wins face-off versus Jean-Gabriel Pageau in CALGARY FIREMEN zone.
5:20 of 3rd period - Shot by Nikita Kucherov.
5:20 of 3rd period - Stopped by Jonathan Bernier with a rebound.
5:26 of 3rd period - Shot by Mark Scheifele.
5:26 of 3rd period - Deflect By Nikita Kucherov.
5:26 of 3rd period - Stopped by Jonathan Bernier without a rebound.
5:27 of 3rd period - Brett Howden wins face-off versus Logan Couture in CALGARY FIREMEN zone.
6:23 of 3rd period - Shot by Joakim Nygard.
6:23 of 3rd period - Shot Blocked by Rasmus Dahlin.
6:27 of 3rd period - Shot by Frans Nielsen.
6:27 of 3rd period - Stopped by Connor Hellebuyck with a rebound.
6:29 of 3rd period - Shot by Sonny Milano.
6:29 of 3rd period - Shot Blocked by Logan Couture.
6:56 of 3rd period - Icing by Sami Vatanen.
6:57 of 3rd period - Jean-Gabriel Pageau wins face-off versus Ryan Johansen in CALGARY FIREMEN zone.
7:02 of 3rd period - Shot by Jean-Gabriel Pageau.
7:02 of 3rd period - Stopped by Jonathan Bernier without a rebound.
7:03 of 3rd period - Adam Henrique wins face-off versus Jean-Gabriel Pageau in CALGARY FIREMEN zone.
7:03 of 3rd period - Adam Henrique is hit by Marcus Foligno.
7:37 of 3rd period - Adam Henrique is hit by Marcus Foligno and loses puck.
8:06 of 3rd period - Shot by Nikita Kucherov.
8:06 of 3rd period - Shot Misses the Net.
8:08 of 3rd period - Shot by Mark Borowiecki.
8:08 of 3rd period - Stopped by Jonathan Bernier with a rebound.
8:10 of 3rd period - Shot by Evander Kane.
8:10 of 3rd period - Shot Misses the Net.
8:16 of 3rd period - Shot by Mark Scheifele.
8:16 of 3rd period - Shot Blocked by Jonathon Merrill.
8:18 of 3rd period - Shot by Nikita Kucherov.
8:18 of 3rd period - Shot Misses the Net.
8:20 of 3rd period - Shot by Mark Borowiecki.
8:20 of 3rd period - Stopped by Jonathan Bernier without a rebound.
8:21 of 3rd period - Robert Fabbri wins face-off versus Frans Nielsen in CALGARY FIREMEN zone.
9:00 of 3rd period - Shot by Joakim Nygard.
9:00 of 3rd period - Stopped by Connor Hellebuyck without a rebound.
9:01 of 3rd period - Ryan Johansen wins face-off versus Mark Scheifele in SAN DIEGO THUNDER zone.
11:04 of 3rd period - Icing by Brent Seabrook.
11:05 of 3rd period - Jean-Gabriel Pageau wins face-off versus Adam Henrique in CALGARY FIREMEN zone.
11:16 of 3rd period - Shot by Jean-Gabriel Pageau.
11:16 of 3rd period - Goal by Jean-Gabriel Pageau - CALGARY FIREMEN : 1 - SAN DIEGO THUNDER : 5.
11:17 of 3rd period - Frans Nielsen wins face-off versus Mark Scheifele in neutral zone.
11:19 of 3rd period - Joakim Nygard is hit by Evander Kane and loses puck.
11:23 of 3rd period - Off-side.
11:24 of 3rd period - Jean-Gabriel Pageau wins face-off versus Frans Nielsen in neutral zone.
11:39 of 3rd period - Shot by Ryan Hartman.
11:39 of 3rd period - Stopped by Jonathan Bernier without a rebound.
11:40 of 3rd period - Mark Scheifele wins face-off versus Ryan Johansen in CALGARY FIREMEN zone.
12:12 of 3rd period - Shot by Nikita Kucherov.
12:12 of 3rd period - Shot Misses the Net.
12:23 of 3rd period - Shot by Mark Scheifele.
12:23 of 3rd period - Shot Blocked by Markus Nutivaara.
12:25 of 3rd period - Shot by Mark Scheifele.
12:25 of 3rd period - Shot Misses the Net.
12:58 of 3rd period - Shot by Jean-Gabriel Pageau.
12:58 of 3rd period - Shot Misses the Net.
13:02 of 3rd period - Shot by Marcus Foligno.
13:02 of 3rd period - Deflect By Jean-Gabriel Pageau.
13:02 of 3rd period - Shot Misses the Net.
13:04 of 3rd period - Shot by Charles McAvoy.
13:04 of 3rd period - Shot Misses the Net.
13:10 of 3rd period - Shot by Jean-Gabriel Pageau.
13:10 of 3rd period - Stopped by Jonathan Bernier without a rebound.
13:11 of 3rd period - Adam Henrique wins face-off versus Logan Couture in CALGARY FIREMEN zone.
13:22 of 3rd period - Shot by Adam Henrique.
13:22 of 3rd period - Goal by Adam Henrique - CALGARY FIREMEN : 2 - SAN DIEGO THUNDER : 5.
13:23 of 3rd period - Frans Nielsen wins face-off versus Mark Scheifele in neutral zone.
13:41 of 3rd period - Shot by Sonny Milano.
13:41 of 3rd period - Shot Hit the Post.
14:38 of 3rd period - Shot by Adam Henrique.
14:38 of 3rd period - Shot Misses the Net.
17:06 of 3rd period - Shot by Nikita Kucherov.
17:06 of 3rd period - Stopped by Jonathan Bernier without a rebound.
17:07 of 3rd period - Mark Scheifele wins face-off versus Ryan Johansen in CALGARY FIREMEN zone.
17:36 of 3rd period - Shot by Nikita Kucherov.
17:36 of 3rd period - Shot Blocked by Andy Greene.
18:07 of 3rd period - Joakim Nygard is hit by Connor Murphy and loses puck.
18:21 of 3rd period - Minor Penalty to Joakim Nygard for Slashing.
18:22 of 3rd period - Jean-Gabriel Pageau wins face-off versus Brett Howden in CALGARY FIREMEN zone.
18:46 of 3rd period - Icing by Ilya Mikheyev.
18:47 of 3rd period - Brett Howden wins face-off versus Jean-Gabriel Pageau in SAN DIEGO THUNDER zone.
19:16 of 3rd period - Shot by Nikita Kucherov.
19:16 of 3rd period - Shot Misses the Net.
19:18 of 3rd period - Shot by Connor Murphy.
19:18 of 3rd period - Stopped by Jonathan Bernier without a rebound.
19:19 of 3rd period - Mark Scheifele wins face-off versus Brett Howden in CALGARY FIREMEN zone.
19:20 of 3rd period - Shot by Nikita Kucherov.
19:20 of 3rd period - Deflect By David Perron.
19:20 of 3rd period - Stopped by Jonathan Bernier without a rebound.
19:21 of 3rd period - Mark Scheifele wins face-off versus Brett Howden in CALGARY FIREMEN zone.
19:45 of 3rd period - Shot by Mark Scheifele.
19:45 of 3rd period - Goal by Mark Scheifele - CALGARY FIREMEN : 2 - SAN DIEGO THUNDER : 6.
19:46 of 3rd period - Adam Henrique wins face-off versus Jean-Gabriel Pageau in neutral zone.
19:59 of 3rd period - Shot by Ryan Hartman.
19:59 of 3rd period - Stopped by Jonathan Bernier without a rebound.
Goals for this period are 1 for CALGARY FIREMEN vs 2 for SAN DIEGO THUNDER.
Shots for this period are 6 for CALGARY FIREMEN vs 14 for SAN DIEGO THUNDER.


RYAN
NUGENT-HOPKINS
THATCHER
DEMKO
MITCHELL
MARNER

EAST COAST

HOCKEY LEAGUE

  • 13.MAN3PIT5
  • 14.NHW2ATL3
  • 15.PET5WOR4
  • 16.RHI30
  • 17.QUECHI
  • 18.CHALIM
  • 19.TRVLON
  • 20.CHWBAL